 Dungeon Sprint DCSS version 0.30.0-29-ga12c61a403 (webtiles) character file.

Game seed: 12941188234798264991

1374 boopmooplesden the Spear-Bearer (level 8, -4/82 HPs)
             Began as a Minotaur Berserker on June 19, 2023.
             Was a High Priest of Trog.
             Blown up by an eye of devastation (42 damage)
             ... with a bolt of energy
             ... in the Dungeon (Sprint V: "Ziggurat Sprint").
             The game lasted 00:03:05 (683 turns).

boopmooplesden the Spear-Bearer (Minotaur Berserker) Turns: 683, Time: 00:03:06

Health: -4/82      AC: 18    Str: 29    XL:     8   Next: 39%
Magic:  7/7        EV:  6    Int:  4    God:    Trog [*****.]
Gold:   0          SH:  0    Dex: 17    Spells: 7/7 levels left

rFire   + . .        l - +5 demon trident
rCold   + . .        k - +3 tower shield
rNeg    . . .        j - +5 gold dragon scales
rPois   +            (helmet restricted)
rElec   .            (no cloak)
rCorr   .            (no gloves)
SInv    .            (no boots)
Will    .....        J - amulet of reflection Stlth
                     s - +6 ring of strength
HPRegen 0.33/turn    o - +6 ring of dexterity
MPRegen 0.10/turn

%: no teleportation, reflection
@: confused, corroded, on berserk cooldown, slowed, studying Shields, very slow
A: horns 2, retaliatory headbutt
a: Renounce Religion, Berserk, Trog's Hand, Brothers in Arms


You were in the Dungeon.
You worshipped Trog.
Trog was extremely pleased with you.
You visited 1 branch

Inventory:

Hand Weapons
 a - a +0 spear
 l - a +5 demon trident (weapon)
 E - the +9 long sword of Truncation {freeze, rF+}
   (You found it in the Dungeon)

   rF:        It protects you from fire.
 I - the +7 spear of Byets {flame, +Blink}
   (Trog gifted it to you in the Dungeon)

   +Blink:    It lets you blink.
Armour
 b - a +0 animal skin
 i - a +5 crystal plate armour
 j - +5 gold dragon scales (worn)
 k - a +3 tower shield (worn)
 D - the +18 shield of the Gong {Loud rN+ Will+ rCorr EV-5}
   (You found it in the Dungeon)

   Loud:      It is deafeningly noisy when blocking attacks.
   EV:        It affects your evasion (-5).
   rN:        It protects you from negative energy.
   rCorr:     It protects you from acid and corrosion.
   Will:      It increases your willpower.
 F - the +1 chain mail of Negligence {rF+ Dex+3}
   (You found it in the Dungeon)

   Dex:       It affects your dexterity (+3).
   rF:        It protects you from fire.
Jewellery
 n - a ring of flight
 o - a +6 ring of dexterity (right hand)
 p - a +6 ring of dexterity
 q - a +6 ring of intelligence
 r - a +6 ring of intelligence
 s - a +6 ring of strength (left hand)
 t - a +6 ring of strength
 G - a ring of willpower
 H - the ring of the Tortoise {AC+8}
   (You found it in the Dungeon)

   [ring of protection]

   AC:        It affects your AC (+8).
 J - an amulet of reflection (around neck)
 K - a ring of resist corrosion
Wands
 m - a wand of flame (27)
 u - a wand of mindburst (7)
 v - a wand of acid (14)
 L - a wand of paralysis (7)
Scrolls
 h - 4 scrolls of blinking
 y - 7 scrolls of fog
 B - 5 scrolls of identify
 C - 2 scrolls of fear
Potions
 c - 10 potions of curing
 d - 9 potions of heal wounds
 e - 6 potions of haste
 f - 7 potions of magic
 g - 3 potions of berserk rage
 w - 2 potions of invisibility
 x - 4 potions of resistance
 z - a potion of experience
 A - 5 potions of might


   Skills:
 + Level 11.3 Fighting
 + Level 13.9 Polearms
 + Level 10.0 Armour
 + Level 4.4 Dodging
 + Level 13.2 Shields


You had 7 spell levels left.
You didn't know any spells.
Your spell library was empty.

Dungeon Overview and Level Annotations

Branches:
Dungeon (1/1)

Altars:
Ashenzari
Cheibriados
Dithmenos
Elyvilon
Fedhas
Gozag
Hepliaklqana
Kikubaaqudgha
Makhleb
Nemelex Xobeh
Okawaru
Qazlal
Ru
Sif Muna
Trog
Uskayaw
Vehumet
Wu Jian
Xom
Yredelemnul
Zin
The Shining One
Jiyva
Lugonu

Annotations:
D 1 transporter


Innate Abilities, Weirdness & Mutations

You have a pair of horns on your head.
You reflexively headbutt those who attack you in melee.


Message History

The bolt of energy misses you. The golden eye blinks at you.
You are more confused.
You impale the slime creature!!
Your headbutt misses the slime creature.
The slime creature is severely wounded.
The slime creature hits you but does no damage.
The golden eye blinks at you.
You are more confused.
The jelly hits you but does no damage. The jelly attacks as you move away!
The jelly hits you but does no damage. The golden eye blinks at you.
You are more confused.
The slime creature barely misses you. The golden eye blinks at you.
You resist with some effort.
The slime creature hits you but does no damage.
The jelly hits you.
You are splashed with acid!
You bump into the unnaturally hard rock wall.
The golden eye blinks at you.
You are more confused.
The slime creature hits you but does no damage.
The jelly hits you but does no damage. The golden eye blinks at you.
You are more confused.
You impale the slime creature!!
You kill the slime creature!
Trog accepts your kill.
The golden eye blinks!
The jelly hits you but does no damage. The jelly hits you.
The acid corrodes you!
You are splashed with acid!
The endoplasm hits you but does no damage.
Your Armour skill increases to level 10!
Your Shields skill increases to level 13!
You bump into the unnaturally hard rock wall.
The endoplasm hits you but does no damage.
You bump into the unnaturally hard rock wall.
The eye of devastation gazes at you. The bolt of energy hits you!!!
Ouch! That really hurt!
You die...

▓...8©8...▓..8©8..▓
▓..))/)...▓...||..▓
▓...:![...▓....)..▓
▓.........▓.......▓
▓.........▓.......▓
▓.........▓.))))..▓
▓......§.G▓.......▓
▓.▓....J▓G▓.▓...▓.▓
▓....©.JJ@▓...©...▓
▓▓▓▓▓▓▓▓▓▓▓▓▓▓▓▓▓▓▓
▓..8©8..▓ ▓..)))..▓
▓...:[..▓ ▓.......▓
▓...)...▓ ▓.......▓
▓.......▓


You could see an eye of devastation, a jelly, a golden eye and 2 endoplasms.

Vanquished Creatures
  3 jumping spiders (D)
  A slime creature (D)
  A yak (D)
  An orc warrior (D)
  A phantom (D)
  A bullfrog (D)
  2 scorpions (D)
  A crimson imp (D)
  A quasit (D)
  A jelly (D)
  2 orc priests (D)
  An orc wizard (D)
  2 iguanas (D)
  An ufetubus (D)
  An adder skeleton (D)
  2 orcs (D)
  2 bat skeletons (D)
  2 bat zombies (D)
  2 ball pythons (D)
  A ball python zombie (D)
  A quokka skeleton (D)
  2 quokka zombies (D)
32 creatures vanquished.

Notes
Turn   | Place    | Note
-------+----------+-------------------------------------------
     0 | D        | boopmooplesden the Minotaur Berserker began the quest for
                  | the Orb.
     0 | D        | Reached XP level 1. HP: 19/19 MP: 0/0
     0 | D        | Found a shimmering blue altar of Sif Muna.
     0 | D        | Found a bloodstained altar of Trog.
     0 | D        | Found a sacrificial altar of Ru.
     0 | D        | Found a stormy altar of Qazlal.
     0 | D        | Found an iron altar of Okawaru.
    15 | D        | Found a blossoming altar of Fedhas.
    15 | D        | Found the +6 Majin-Bo {spellvamp, MP+6 Int+6}
    15 | D        | Found the +27 heavy crossbow "Sniper" {heavy, Acc+∞ SInv}
    15 | D        | Found the +10 dark maul {heavy}
    15 | D        | Found the +15 Maxwell's patent armour {-Cast -Tele rElec
                  | Will+ rCorr}
    15 | D        | Found the +18 shield of the Gong {Loud rN+ Will+ rCorr
                  | EV-5}
    15 | D        | Found the +16 obsidian axe {drain, demonic, Mesm Drain Fly
                  | SInv}
    15 | D        | Found the +7 great mace "Firestarter" {flame, immolate,
                  | rFlCloud rF++}
    15 | D        | Found the +6 shillelagh "Devastator" {shatter}
    15 | D        | Found the +11 plutonium sword {Contam Stlth-}
    15 | D        | Found the +8 lance "Wyrmbane" {slay drac, rPois rF+ rC+
                  | AC+3}
    15 | D        | Found the +9 sword of Zonguldrok {reap}
    15 | D        | Found the +13 scythe of Curses {drain, curses, Drain}
    15 | D        | Found the +9 sword of Power {lifebolt}
    15 | D        | Found the +7 mace of Variability {chaos, chaos arc}
    15 | D        | Found the +11 Singing Sword {sonic wave}
    15 | D        | Found the +8 storm bow {elec, penet}
    22 | D        | Found a viscous altar of Jiyva.
    22 | D        | Found a hazy altar of Hepliaklqana.
    22 | D        | Found a transporter.
    22 | D        | Found an opulent altar of Gozag.
    22 | D        | Found an ancient bone altar of Kikubaaqudgha.
    22 | D        | Found a corrupted altar of Lugonu.
    28 | D        | Found a burning altar of Makhleb.
    29 | D        | Found a sparkling altar of Nemelex Xobeh.
    63 | D        | Entered arena 2.
    63 | D        | Found a transporter.
    71 | D        | Entered arena 3.
    71 | D        | Found a transporter.
    75 | D        | Reached ** piety under Trog
    81 | D        | Reached XP level 2. HP: 28/28 MP: 1/1
    89 | D        | Entered arena 4.
    89 | D        | Noticed a yak
    89 | D        | Noticed a bullfrog
    89 | D        | Found a transporter.
    93 | D        | Killed a bullfrog
    94 | D        | Reached XP level 3. HP: 5/38 MP: 2/2
    99 | D        | Killed a yak
    99 | D        | Reached *** piety under Trog
   100 | D        | Reached skill level 5 in Armour
   100 | D        | Reached XP level 4. HP: 10/49 MP: 3/3
   100 | D        | Reached XP level 5. HP: 12/56 MP: 4/4
   102 | D        | Reached skill level 5 in Shields
   263 | D        | Got the +9 long sword of Truncation {freeze, rF+}
   265 | D        | Got the +1 chain mail of Negligence {rF+ Dex+3}
   267 | D        | Entered arena 5.
   267 | D        | Found a transporter.
   271 | D        | Reached **** piety under Trog
   272 | D        | Reached skill level 10 in Polearms
   272 | D        | Reached XP level 6. HP: 63/63 MP: 5/5
   415 | D        | Entered arena 6.
   415 | D        | Found the ring of the Tortoise {AC+8}
   415 | D        | Noticed a jumping spider
   415 | D        | Noticed a jumping spider
   415 | D        | Noticed a jumping spider
   415 | D        | Found a transporter.
   424 | D        | Killed a jumping spider
   425 | D        | Reached skill level 10 in Fighting
   425 | D        | Reached XP level 7. HP: 72/72 MP: 6/6
   427 | D        | Reached ***** piety under Trog
   436 | D        | Killed a jumping spider
   437 | D        | Reached skill level 10 in Shields
   445 | D        | Killed a jumping spider
   601 | D        | Entered arena 7.
   602 | D        | Found a transporter.
   607 | D        | Identified the +7 spear of Byets {flame, +Blink} (Trog
                  | gifted it to you in the Dungeon)
   607 | D        | Received a gift from Trog
   608 | D        | Reached XP level 8. HP: 77/82 MP: 7/7
   641 | D        | Entered arena 8.
   642 | D        | Found a transporter.
   651 | D        | Reached ****** piety under Trog
   651 | D        | Received a gift from Trog
   665 | D        | Entered arena 9.
   665 | D        | Found the +10 tower shield of Ignorance {rN+ Int-4}
   665 | D        | Found the +8 demon blade "Leech" {evervamp, Harm Drain rN+}
   665 | D        | Noticed an eye of devastation
   665 | D        | Noticed a slime creature
   666 | D        | Found a transporter.
   680 | D        | Killed a slime creature
   681 | D        | Reached skill level 10 in Armour
   683 | D        | Blown up by an eye of devastation

Illustrated notes

Levels and vault maps discovered:
D:        sprint_v [room_start, room_1, room_2, room_3, room_4, room_5, room_6,
          room_7, room_8, room_9, room_10, room_11, room_12, room_13, room_14,
          room_15, room_16, room_17, room_18, room_19, room_20, room_21,
          room_22, room_23, room_24, room_25, room_26, room_27]

Skill      XL: |  1  2  3  4  5  6  7  8 |
---------------+-------------------------+-----
Fighting       | 4 6 8 9 10 11 | 11.3
Polearms       | 4 6 9 10 11 13 | 13.9
Armour         | 3 4 5 6 8 9 10 | 10.0
Dodging        | 3 4 |  4.4
Shields        | 2 4 5 8 11 13 | 13.2

Action                     |  1- 3 |  4- 6 |  7- 9 || total
---------------------------+-------+-------+-------++-------
  Melee: Demon trident     |    15 |    10 |    37 ||    62
         Headbutt          |     2 |       |     5 ||     7
 Invoke: Berserk           |     1 |     2 |     1 ||     4
    Use: Potion            |     1 |       |       ||     1
 Armour: Gold dragon scale |    14 |    19 |    36 ||    69
  Dodge: Dodged            |     5 |     6 |    15 ||    26
  Block: Tower shield      |    21 |    25 |    58 ||   104
